 Dungeon Crawl Stone Soup version 0.24-a0-201-gf205589 (webtiles) character file.

Game seed: 1656047708158499252

2399 nikopol the Cleaver (level 9, -15/78 HPs)
             Began as a Hill Orc Fighter on Mar 21, 2019.
             Was a Priest of Okawaru.
             Killed by divine providence
             ... invoked by an orc priest
              (17 damage)
             ... on level 7 of the Dungeon.
             The game lasted 00:12:18 (6812 turns).

nikopol the Cleaver (Hill Orc Fighter)              Turns: 6812, Time: 00:12:19

Health: -15/78     AC: 15    Str: 22    XL:     9   Next: 46%
Magic:  9/9        EV:  7    Int:  8    God:    Okawaru [***...]
Gold:   330        SH: 10    Dex: 10    Spells: 8/8 levels left

rFire    . . .     SeeInvis .   a - +1 war axe
rCold    . . .     Gourm    .   c - +0 shield
rNeg     . . .     Faith    .   s - +4 chain mail
rPois    .         Spirit   .   (no helmet)
rElec    .         Reflect  .   g - +0 cloak
rCorr    .         Harm     .   (no gloves)
MR       .....                  (no boots)
Stlth    ..........             (no amulet)
HPRegen  0.23/turn              (no ring)
MPRegen  0.11/turn              (no ring)

@: no status effects
A: no striking features
a: Heroism, Renounce Religion, Convert to Beogh


You were on level 7 of the Dungeon.
You worshipped Okawaru.
Okawaru was most pleased with you.
You were not hungry.

You visited 1 branch of the dungeon, and saw 7 of its levels.
You also visited: Sewer.

You collected 330 gold pieces.

Inventory:

Hand Weapons
 a - a +1 war axe (weapon)
 h - a +0 hand axe of flaming
Armour
 c - a +0 shield (worn)
 g - a +0 cloak (worn)
 s - a +4 chain mail (worn)
 t - a cursed +0 ring mail
Wands
 u - a wand of polymorph (7)
 v - a wand of random effects (12)
 w - a wand of paralysis (12)
Scrolls
 b - a scroll of blinking {unknown}
 e - a scroll of magic mapping {unknown}
 i - 3 scrolls of enchant weapon
 l - 4 scrolls of remove curse
 o - a scroll of identify
 q - 2 scrolls of fear
 x - a scroll of teleportation
 y - a scroll of amnesia {unknown}
Potions
 d - 2 potions of invisibility
 j - 7 potions of flight
 k - 3 potions of brilliance
 m - 3 potions of curing
 n - a potion of lignification
 p - a potion of ambrosia
Comestibles
 f - 14 rations


   Skills:
 + Level 6.7 Fighting
 + Level 11.2 Axes
 + Level 6.4 Armour
 + Level 1.7 Dodging
 + Level 0.5 Stealth
 + Level 6.5 Shields


You had 8 spell levels left.
You didn't know any spells.
Your spell library contained the following spells:

 Spells                   Type           Power        Failure   Level  Hunger
 Animate Skeleton         Necr           N/A          100%        1    ##.....
 Apportation              Tloc           #.....       100%        1    ##.....
 Confusing Touch          Hex            #.....       100%        1    ##.....
 Summon Small Mammal      Summ           #...         100%        1    ##.....


Dungeon Overview and Level Annotations

Branches:
Dungeon (7/15)             Temple (0/1) D:7

Altars:
Ashenzari
Dithmenos
Elyvilon
Hepliaklqana
Okawaru
Qazlal
Sif Muna
Trog
Wu Jian
Xom
The Shining One

Annotations:
D:7 exclusion: oklob sapling


Message History

You completely miss the orc priest.
The orc priest is lightly wounded.
The orc priest invokes the aid of Beogh against you.
Beogh smites you!
* * * LOW HITPOINT WARNING * * *
You hear a bark!
You hit the orc priest but do no damage.
The orc priest is lightly wounded.
The orc priest shouts, "Surrender to Beogh and we'll let you live!"
The orc priest hits you.
* * * LOW HITPOINT WARNING * * *
You hit the orc priest but do no damage.
The orc priest is lightly wounded.
The orc priest casts a cantrip, but nothing happens.
You barely miss the orc priest. You block the orc priest's attack.
You slash the orc priest!
The orc priest is severely wounded.
The orc priest mumbles some strange prayers to Beogh against you.
Beogh smites you!
You die...

.#.(#..#######.
#..# #..#
..#..#
..#.h####.#
..#ooh.[..#
#.##h######
#.##o# #.##@# #
#.##(#
#.####.##.#
#>#.......#
#.......###
###.##..#
#[......#
#.#.###.# #.#.#
#.# #######


You could see 2 orc priests, an orc and 3 jackals.

Vanquished Creatures
  A hippogriff (D:7)
  2 orc warriors
  Purgy (Sewer)
  3 sky beasts
  An ogre (D:6)
  A phantom (D:4)
  4 centaurs
  A bullfrog (D:6)
  A scorpion (D:4)
  6 killer bees (D:7)
  3 howler monkeys
  A centaur skeleton (D:4)
  3 hounds
  An orc priest (D:4)
  3 orc wizards
  A jelly (D:7)
  Jessica (D:2)
  6 worker ants
  A hound skeleton (D:4)
  A worker ant zombie (D:7)
  8 adders
  3 shadow imps
  An adder skeleton (D:6)
  3 worms
  4 dart slugs
  6 leopard geckos
  17 orcs
  4 bats
  7 giant cockroaches
  5 goblins
  9 hobgoblins
  5 jackals
  5 quokkas
  3 ball pythons
  5 frilled lizards
  9 kobolds
  A leopard gecko skeleton (D:5)
  A quokka skeleton (D:7)
  12 rats
150 creatures vanquished.

Notes
Turn   | Place    | Note
-------+----------+-------------------------------------------
     0 | D:1      | nikopol the Hill Orc Fighter began the quest for the Orb.
     0 | D:1      | Reached XP level 1. HP: 19/19 MP: 1/1
   187 | D:1      | Reached XP level 2. HP: 23/27 MP: 2/2
   277 | D:1      | Reached skill level 3 in Axes
   779 | D:2      | Reached XP level 3. HP: 33/33 MP: 3/3
  1078 | D:2      | Noticed Jessica
  1084 | D:2      | Killed Jessica
  1084 | D:2      | Reached XP level 4. HP: 33/40 MP: 4/4
  1171 | D:2      | Reached skill level 4 in Axes
  2119 | D:3      | Reached XP level 5. HP: 33/46 MP: 5/5
  2573 | D:3      | Reached skill level 5 in Axes
  2833 | D:3      | Found a shadowy altar of Dithmenos.
  2835 | D:3      | Found a white marble altar of Elyvilon.
  2838 | D:3      | Found a glowing golden altar of the Shining One.
  2839 | D:3      | Found a bloodstained altar of Trog.
  2840 | D:3      | Found a deep blue altar of Sif Muna.
  2840 | D:3      | Found a stormy altar of Qazlal.
  2840 | D:3      | Found a hazy altar of Hepliaklqana.
  2840 | D:3      | Found an ornate altar of the Wu Jian Council.
  2847 | D:3      | Found a shimmering altar of Xom.
  2848 | D:3      | Found an iron altar of Okawaru.
  2849 | D:3      | Found a shattered altar of Ashenzari.
  2854 | D:3      | Became a worshipper of Warmaster Okawaru
  3234 | D:4      | Found a glowing drain.
  3252 | Sewer    | Entered a sewer
  3278 | Sewer    | Noticed Purgy
  3298 | Sewer    | Killed Purgy
  3298 | Sewer    | Reached XP level 6. HP: 21/53 MP: 6/6
  3885 | D:4      | Noticed a phantom
  3916 | D:4      | Killed a phantom
  3916 | D:4      | Reached * piety under Okawaru
  3916 | D:4      | Reached skill level 6 in Axes
  3916 | D:4      | Reached skill level 1 in Dodging
  3916 | D:4      | Reached skill level 5 in Shields
  3916 | D:4      | Reached XP level 7. HP: 39/60 MP: 7/7
  4260 | D:4      | Reached skill level 5 in Armour
  4532 | D:4      | You fall through a shaft!
  4532 | D:5      | Entered Level 5 of the Dungeon
  4552 | D:5      | Reached skill level 7 in Axes
  4554 | D:5      | Reached skill level 5 in Fighting
  4599 | D:5      | Reached ** piety under Okawaru
  4599 | D:5      | Reached XP level 8. HP: 30/68 MP: 8/8
  5147 | D:4      | Reached skill level 8 in Axes
  5648 | D:6      | HP: 1/68 [orc warrior/cursed -2 trident (10)]
  5654 | D:6      | HP: 1/69 [ogre/+0 giant club (15)]
  5655 | D:6      | Reached skill level 9 in Axes
  6239 | D:6      | Reached *** piety under Okawaru
  6258 | D:6      | Reached skill level 10 in Axes
  6264 | D:6      | Reached XP level 9. HP: 50/75 MP: 9/9
  6685 | D:7      | Reached skill level 11 in Axes
  6779 | D:7      | Found a staircase to the Ecumenical Temple.
  6809 | D:7      | HP: 2/78 [orc priest (3)]
  6812 | D:7      | Killed from afar by an orc priest

Levels and vault maps discovered:
D:1:      scummos_arrival_simple_crosswalls, layout_basic, moated_statue
D:2:      layout_basic, minmay_liquid_box, uniq_jessica
D:3:      layout_loops_corners, minitemple, first_ration
D:4:      layout_basic, gup_sewer_entry_bubbles
D:5:      layout_rooms
D:6:      layout_rooms
D:7:      layout_loops_ring, overflow_temple_1_default,
          minmay_temple_entry_oklob, biasface_ghost_orc_armoury
Sewer:    kennysheep_door_sewer

Skill      XL: |  1  2  3  4  5  6  7  8  9 |
---------------+----------------------------+-----
Axes           | 3 4 5 6 7 10 11 | 11.2
Fighting       | 4 5 6 |  6.7
Armour         | 4 5 6 |  6.4
Shields        | 4 5 6 |  6.5
Dodging        | 1 |  1.7
Stealth        | |  0.5

Action                   |  1- 3 |  4- 6 |  7- 9 || total
-------------------------+-------+-------+-------++-------
Melee: War axe           |   122 |   197 |   283 ||   602
  Use: Potion            |       |     2 |     4 ||     6
       Scroll            |       |     6 |     8 ||    14
  Eat: Chunk             |       |     9 |    11 ||    20
Armor: Scale mail        |    51 |   118 |     2 ||   171
       Chain mail        |       |       |   172 ||   172
Dodge: Dodged            |    29 |    74 |    58 ||   161
Block: Shield            |    55 |   117 |   154 ||   326

Table legend:
 A = Non-vault XP
 B = Vault XP
 C = Vault XP percentage of total XP
 D = Non-vault monster count
 E = Vault monster count
 F = Vault count percentage of total count
                 A         B        C        D         E       F
            +---------+---------+-------+---------+---------+-------
      Total |    3243 |     185 |   5.4 |     136 |      14 |   9.3
            +---------+---------+-------+---------+---------+-------
        D:1 |      29 |       0 |   0.0 |      20 |       0 |   0.0
        D:2 |      58 |      37 |  38.9 |      19 |       1 |   5.0
        D:3 |     111 |       0 |   0.0 |      23 |       0 |   0.0
        D:4 |     602 |      15 |   2.4 |      23 |       7 |  23.3
        D:5 |     656 |       0 |   0.0 |      10 |       0 |   0.0
        D:6 |     800 |       0 |   0.0 |      21 |       0 |   0.0
        D:7 |     987 |       0 |   0.0 |      20 |       0 |   0.0
      Sewer |       0 |     133 | 100.0 |       0 |       6 | 100.0
            +---------+---------+-------+---------+---------+-------
